 Dungeon Crawl Stone Soup version 0.29-a0-304-gb34f9e133a (webtiles) character file.

Game seed: 13283565764978968940

90 Ajdolov the Shield-Bearer (level 4, -2/32 HPs)
             Began as a Gnoll Wanderer on Mar 26, 2022.
             Killed by divine providence
             ... invoked by an orc priest
              (10 damage)
             ... on level 3 of the Dungeon.
             The game lasted 00:02:15 (2102 turns).

Ajdolov the Shield-Bearer (Gnoll Wanderer)          Turns: 2102, Time: 00:02:15

Health: -2/32      AC:  6    Str:  9    XL:     4   Next: 56%
Magic:  8/8        EV: 11    Int: 10    God:
Gold:   137        SH:  6    Dex: 17    Spells: 9/9 levels left

rFire   . . .      SeeInvis .   i - +0 scimitar
rCold   . . .      Faith    .   c - +0 buckler
rNeg    . . .      Spirit   .   e - +0 robe
rPois   .          Reflect  .   (no helmet)
rElec   .          Harm     .   (no cloak)
rCorr   .          Rampage  .   (no gloves)
Will    .....                   (no boots)
Stlth   +++.......              h - amulet of regeneration
HPRegen 0.90/turn               k - +4 ring of protection
MPRegen 0.11/turn               (no ring)

@: no status effects
A: fangs 1, strong nose, distributed training
a: no special abilities


You were on level 3 of the Dungeon.
You visited 1 branch of the dungeon, and saw 3 of its levels.

You collected 137 gold pieces.

Inventory:

Hand Weapons
 i - a +0 scimitar (weapon)
Armour
 c - a +0 buckler (worn)
 e - a +0 robe (worn)
Jewellery
 h - an amulet of regeneration (around neck)
 j - a ring of magical power
 k - a +4 ring of protection (left hand)
Scrolls
 g - 5 scrolls of identify {unknown}
 l - a scroll of fear {unknown}
 m - 2 scrolls of teleportation {unknown}
Potions
 a - a potion of invisibility {unknown}
 b - a potion of might
 d - 3 potions of heal wounds
 f - a potion of degeneration {unknown}
 n - a potion of curing {unknown}


   Skills:
 + Level 1.2 Fighting
 + Level 1.2 Short Blades
 + Level 1.2 Long Blades
 + Level 1.2 Axes
 + Level 1.2 Maces & Flails
 + Level 1.2 Polearms
 + Level 1.2 Staves
 + Level 1.2 Slings
 + Level 1.2 Bows
 + Level 1.2 Crossbows
 + Level 1.2 Throwing
 + Level 1.2 Armour
 + Level 1.2 Dodging
 + Level 6.0 Stealth
 + Level 6.6 Shields
 + Level 1.2 Unarmed Combat
 + Level 3.0 Spellcasting
 + Level 1.0 Conjurations
 + Level 1.0 Hexes
 + Level 1.0 Summonings
 + Level 1.0 Necromancy
 + Level 1.0 Translocations
 + Level 5.5 Transmutations
 + Level 1.0 Fire Magic
 + Level 1.0 Ice Magic
 + Level 1.0 Air Magic
 + Level 1.0 Earth Magic
 + Level 1.0 Poison Magic
 + Level 1.3 Invocations
 + Level 1.2 Evocations


You had 9 spell levels left.
You didn't know any spells.
Your spell library contained the following spells:

 Spells                   Type           Power      Damage    Failure   Level
 Wereblood                Tmut           12%        N/A       5%          2
 Passwall                 Tmut/Erth      6%         N/A       14%         2


Dungeon Overview and Level Annotations

Branches:
Dungeon (3/15)

Altars:


Innate Abilities, Weirdness & Mutations

You have very sharp teeth.
Your uncanny sense of smell can sniff out nearby items.
Your experience applies equally to all skills.


Message History

You closely miss the frilled lizard. Your bite misses the frilled lizard.
The frilled lizard is moderately wounded.
The frilled lizard bites you but does no damage.
You closely miss the frilled lizard.
The frilled lizard is moderately wounded.
The frilled lizard closely misses you.
You slash the frilled lizard!
You kill the frilled lizard!
Your Conjurations skill increases to level 1!
Your Hexes skill increases to level 1!
Your Summonings skill increases to level 1!
Your Necromancy skill increases to level 1!
Your Translocations skill increases to level 1!
Your Fire Magic skill increases to level 1!
Your Ice Magic skill increases to level 1!
Your Air Magic skill increases to level 1!
Your Earth Magic skill increases to level 1!
Your Poison Magic skill increases to level 1!
An orc wizard and an orc come into view.
The orc moves out of view.
The orc shouts!
An orc priest comes into view. It is wielding a +0 club.
The orc priest shouts!
The orc shouts!
You hit the orc but do no damage.
An orc comes into view. It is wielding a +0 flail.
The orc hits you with a +0 hand axe of freezing.
The orc freezes you.
You slash the orc!
You kill the orc!
The orc priest calls down the wrath of Beogh upon you.
Beogh smites you!
The orc priest mumbles some strange prayers to Beogh against you.
Beogh smites you!
* * * LOW HITPOINT WARNING * * *
The orc wizard mumbles some strange words.
The orc wizard flickers and vanishes!
Deactivating autopickup; reactivate with Ctrl-A.
The orc priest invokes the aid of Beogh against you.
Beogh smites you!
You die...

..................#######
..........................
...................####...
........o..........###..##
........o##............##†
.......{.####.#.####..###.
........o####...#.....##..
......$..##.......###.....
##.###.#@..##..####......
.. #...##..........####
...####..##.#...###.##
............#...###.#####
.
...###.....###..#........
.............#
#.....######
....####.....###...###
....######.#.##....###
#........###...........###
#


You could see an orc priest and 2 orcs.

Vanquished Creatures
  An adder (D:3)
  A dart slug (D:3)
  6 orcs (D:3)
  4 ball pythons
  3 endoplasms
  11 giant cockroaches
  6 goblins
  A hobgoblin (D:2)
  13 jackals
  4 kobolds
  3 quokkas
  2 bats
  3 frilled lizards
  A rat (D:2)
59 creatures vanquished.

Notes
Turn   | Place    | Note
-------+----------+-------------------------------------------
     0 | D:1      | Ajdolov the Gnoll Wanderer began the quest for the Orb.
     0 | D:1      | Ajdolov set off with the following items: a +2 dagger, a
                  | potion of might, a +0 buckler, a potion of heal wounds, a
                  | +0 robe; and the following spells available to memorise:
                  | Wereblood, Passwall
     0 | D:1      | Reached XP level 1. HP: 13/13 MP: 4/4
   424 | D:1      | Reached XP level 2. HP: 19/19 MP: 5/5
   988 | D:2      | Reached XP level 3. HP: 25/25 MP: 7/7
  1184 | D:2      | Reached skill level 1 in Invocations
  1218 | D:2      | Found a faded altar of an unknown god.
  1473 | D:2      | Reached skill level 1 in Fighting
  1473 | D:2      | Reached skill level 1 in Short Blades
  1473 | D:2      | Reached skill level 1 in Long Blades
  1473 | D:2      | Reached skill level 1 in Axes
  1473 | D:2      | Reached skill level 1 in Maces & Flails
  1473 | D:2      | Reached skill level 1 in Polearms
  1473 | D:2      | Reached skill level 1 in Staves
  1473 | D:2      | Reached skill level 1 in Slings
  1473 | D:2      | Reached skill level 1 in Bows
  1473 | D:2      | Reached skill level 1 in Crossbows
  1473 | D:2      | Reached skill level 1 in Throwing
  1473 | D:2      | Reached skill level 1 in Armour
  1473 | D:2      | Reached skill level 1 in Dodging
  1473 | D:2      | Reached skill level 1 in Unarmed Combat
  1473 | D:2      | Reached skill level 1 in Evocations
  1853 | D:3      | Reached XP level 4. HP: 32/32 MP: 8/8
  2056 | D:3      | Reached skill level 1 in Conjurations
  2056 | D:3      | Reached skill level 1 in Hexes
  2056 | D:3      | Reached skill level 1 in Summonings
  2056 | D:3      | Reached skill level 1 in Necromancy
  2056 | D:3      | Reached skill level 1 in Translocations
  2056 | D:3      | Reached skill level 1 in Fire Magic
  2056 | D:3      | Reached skill level 1 in Ice Magic
  2056 | D:3      | Reached skill level 1 in Air Magic
  2056 | D:3      | Reached skill level 1 in Earth Magic
  2056 | D:3      | Reached skill level 1 in Poison Magic
  2102 | D:3      | Killed from afar by an orc priest

Illustrated notes

Levels and vault maps discovered:
D:1:      lightli_molten_gateway, layout_basic
D:2:      minmay_roachtagon, layout_loops_corners, ebering_ecumenical_altar_hall
D:3:      layout_rooms, minmay_crystal_water

Skill      XL: |  1  2  3  4 |
---------------+-------------+-----
Stealth        | 6 |  6.0
Invocations    | 1 |  1.3
Fighting       | 1 |  1.2
Short Blades   | 1 |  1.2
Long Blades    | 1 |  1.2
Axes           | 1 |  1.2
Maces & Flails | 1 |  1.2
Polearms       | 1 |  1.2
Staves         | 1 |  1.2
Slings         | 1 |  1.2
Bows           | 1 |  1.2
Crossbows      | 1 |  1.2
Throwing       | 1 |  1.2
Armour         | 1 |  1.2
Dodging        | 1 |  1.2
Unarmed Combat | 1 |  1.2
Evocations     | 1 |  1.2
Spellcasting   | 3 |  3.0
Conjurations   | 1 |  1.0
Hexes          | 1 |  1.0
Summonings     | 1 |  1.0
Necromancy     | 1 |  1.0
Translocations | 1 |  1.0
Fire Magic     | 1 |  1.0
Ice Magic      | 1 |  1.0
Air Magic      | 1 |  1.0
Earth Magic    | 1 |  1.0
Poison Magic   | 1 |  1.0
Shields        | |  6.6
Transmutations | |  5.5

Action                   |  1- 3 |  4- 6 || total
-------------------------+-------+-------++-------
Melee: Dagger            |    24 |       ||    24
       Bite              |     8 |     4 ||    12
       Scimitar          |    96 |    38 ||   134
 Stab: Sleeping          |    16 |       ||    16
Armor: Robe              |    35 |     7 ||    42
Dodge: Dodged            |    79 |    33 ||   112
Block: Buckler           |    43 |    15 ||    58

Table legend: (Time is in decaauts)
 A = Elapsed time spent in this place.
 B = Non-inter-level travel time spent in this place.
 C = Inter-level travel time spent in this place.
 D = Time resting spent in this place.
 E = Time spent auto-exploring this place.
 F = Levels seen in this place.
 G = Mean time per level.
                   A        B        C        D        E       F      G
               +--------+--------+--------+--------+--------+-----+--------+
         Total |   2153 |   2076 |     77 |      0 |   1639 |   3 |  717.7 |
       Dungeon |   2153 |   2076 |     77 |      0 |   1639 |   3 |  717.7 |
               +--------+--------+--------+--------+--------+-----+--------+

Top non-repeatable levels by time:
     D:1: 928 daAuts
     D:2: 920 daAuts
     D:3: 304 daAuts
